[Event "3rd Perez Open 2024"]
[Site "Santa Fe"]
[Date "2024.02.25"]
[Round "7.2"]
[White "Villareal, Agustin"]
[Black "Spata, German"]
[Result "1/2-1/2"]
[ECO "D35"]
[WhiteElo "1674"]
[BlackElo "2399"]
[Annotator "TA"]
[PlyCount "29"]
[EventDate "2024.02.18"]
[EventType "swiss"]
[EventCountry "ARG"]
[SourceTitle "playchess.com"]
[Source "ChessBase"]
[SourceQuality "1"]
[TimeControl "5400+30"]

1. d4 d5 2. Nf3 Nf6 3. c4 c6 4. Nc3 e6 5. cxd5 exd5 6. Bg5 Be7 7. e3 Bf5 8. Bd3 Bxd3 9. Bxf6 Bxf6 10. Qxd3 {[%emt 0:00:05] The position is equal.} a5 11. O-O O-O 12. Qc2 Nd7 13. Rab1 Re8 14. Rfc1 Nb6 15. Na4 {[%emt 0:00:07] A rather calm draw.   Weighted Error Value: White=0.05 (flawless) /Black=0.02 (flawless) .  OK:         	---       	Black=2} 1/2-1/2

[Event "3rd Perez Open 2024"]
[Site "Santa Fe"]
[Date "2024.02.25"]
[Round "7.3"]
[White "Asprelli, Gaspar"]
[Black "Villca, Julian"]
[Result "1/2-1/2"]
[ECO "B12"]
[WhiteElo "2226"]
[BlackElo "2411"]
[Annotator "TA"]
[PlyCount "61"]
[EventDate "2024.02.18"]
[EventType "swiss"]
[EventCountry "ARG"]
[SourceTitle "playchess.com"]
[Source "ChessBase"]
[SourceQuality "1"]
[TimeControl "5400+30"]

1. e4 c6 2. d4 d5 3. e5 Bf5 4. c4 e6 5. Nc3 h6 6. a3 dxc4 7. Bxc4 Nd7 8. Nge2 {[%emt 0:00:12] White has an edge.} Ne7 9. O-O a5 10. Ng3 Bg6 11. Nce4 Nf5 {[%emt 0:02:34] Dodges Nd6+} 12. Nxf5 Bxf5 13. Ng3 {[%emt 0:00:05] [#] Nxf5 would now be deadly. White is more active.} Bh7 14. f4 Nb6 15. Ba2 Qd7 16. Qf3 (16. f5 $16) 16... Nd5 $14 17. f5 exf5 18. Nxf5 Bxf5 19. Qxf5 Qxf5 20. Rxf5 Be7 21. Bd2 Rf8 22. Rc1 Kd7 23. Rf3 a4 24. Rcf1 (24. Rg3 $14 Rg8 25. Rf1) 24... f6 $11 25. Bf4 (25. Rg3 $11 {remains equal.} g5 (25... fxe5 26. Bxd5 Rxf1+ 27. Kxf1 $16) 26. Re1) 25... Ra5 ({Better is} 25... Nxf4 $17 26. Rxf4 fxe5 27. dxe5 Rxf4 28. Rxf4 Ra5) 26. Bc4 Raa8 27. Bg3 Ra5 28. Be1 Raa8 29. Bg3 Ra5 30. Be1 Raa8 31. Bg3 {[%emt 0:09:00] Weighted Error Value: White=0.18 (very precise) /Black=0.16 (very precise) .  Mistake:       	White=3     	Black=1      Inaccurate:     	White=3     	Black=5      OK:         	White=10    	Black=6      Best:        	White=1     	Black=1} 1/2-1/2

[Event "3rd Perez Open 2024"]
[Site "Santa Fe"]
[Date "2024.02.25"]
[Round "7.4"]
[White "Amura, Claudia"]
[Black "Felgaer, Ruben"]
[Result "0-1"]
[ECO "D14"]
[WhiteElo "2196"]
[BlackElo "2572"]
[Annotator "TA"]
[PlyCount "98"]
[EventDate "2024.02.18"]
[EventType "swiss"]
[EventCountry "ARG"]
[SourceTitle "playchess.com"]
[Source "ChessBase"]
[SourceQuality "1"]
[TimeControl "5400+30"]

1. d4 d5 2. c4 c6 3. Nf3 Nf6 4. cxd5 cxd5 5. Nc3 Nc6 6. Bf4 Bf5 7. e3 e6 8. Ne5 Nxe5 9. Bxe5 Nd7 10. Qb3 Nxe5 11. dxe5 {[%emt 0:00:07] [#] Intending Bb5+ and mate.} Be7 12. e4 (12. Bb5+ $11 Kf8 13. O-O) 12... dxe4 $17 {[%emt 0:05:46] Black is better.} 13. Qb5+ Kf8 14. Rd1 Qb6 15. Rd7 Qxb5 16. Bxb5 Rb8 17. O-O g5 18. Re1 Bb4 19. Re3 Bc5 20. Re1 a6 21. Bf1 Ke8 22. Rdd1 {[%emt 0:00:05] [#] Black keeps a firm grip on the game.} e3 $1 23. fxe3 Ke7 24. Kf2 Rhd8 {[%emt 0:01:11] Prevents Bd3} 25. Kf3 Bb6 {[%emt 0:02:47] A strong pair of Bishops.} 26. Ne4 Bc7 27. g4 Bg6 28. Nd6 Bxd6 29. exd6+ Rxd6 30. Rxd6 Kxd6 {[%emt 0:00:01][%mdl 4096] Endgame. KRB-KRB} 31. Rc1 h5 32. h3 a5 33. b4 axb4 34. Rc4 hxg4+ 35. hxg4 (35. Kxg4 $142 b3 36. axb3) 35... Bb1 $19 36. Rd4+ Ke7 37. Rxb4 Bxa2 38. e4 e5 39. Rb6 Kd7 40. Bb5+ Kc7 41. Rh6 Be6 42. Rh7 (42. Ke3 $142) 42... Kb6 {[%emt 0:00:32] Black is clearly winning.} 43. Be2 Kc5 {[%emt 0:01:09] Threatens to win with ...b5.} 44. Rg7 b5 45. Rxg5 Kd4 46. Rh5 b4 47. Rh1 b3 48. Rd1+ Kc3 49. Ke3 b2 {[%emt 0:03:06] Weighted Error Value: White=0.58/Black=0.04 (flawless) .  Mistake:       	White=3     	---        Inaccurate:     	White=5     	Black=2      OK:         	White=14    	Black=20     Best:        	---       	Black=3} 0-1

[Event "3rd Perez Open 2024"]
[Site "Santa Fe"]
[Date "2024.02.25"]
[Round "7.5"]
[White "Perez, Maximiliano"]
[Black "Dubrovich, Igor"]
[Result "1/2-1/2"]
[ECO "B50"]
[WhiteElo "2383"]
[BlackElo "2029"]
[Annotator "TA"]
[PlyCount "58"]
[EventDate "2024.02.18"]
[EventType "swiss"]
[EventCountry "ARG"]
[SourceTitle "playchess.com"]
[Source "ChessBase"]
[SourceQuality "1"]
[TimeControl "5400+30"]

1. e4 c5 2. Nf3 d6 3. Nc3 Nf6 4. e5 dxe5 5. Nxe5 Nbd7 6. Nc4 Nb6 7. Qf3 e6 8. b3 Be7 9. Bb2 O-O 10. O-O-O Nfd5 {[%emt 0:01:57] [#]} 11. h4 $1 Bf6 12. g4 Bd7 13. g5 (13. Qg3 $5) 13... Bd4 14. Ne4 (14. Qg3 {simplifies} Nxc4 15. Bxc4 Ne7 16. h5) 14... Bxb2+ 15. Kxb2 Nxc4+ 16. Bxc4 Bc6 17. c3 (17. Nxc5 $2 Nb6 18. Qf4 Bxh1 19. Rxh1 Nxc4+ 20. bxc4 e5 21. Qxe5 Qxd2 $19) (17. Rhe1 $14 {keeps the upper hand.}) 17... Nb6 (17... f5 $1 $17 18. Nxc5 Qd6) 18. Bd3 $11 Nd7 {[%emt 0:08:07] aiming for ...Ne5.} 19. Qe3 a5 20. h5 (20. a4 $1 $14) 20... a4 21. g6 axb3 22. axb3 {[%emt 0:00:36] h6 would now be deadly.} Ne5 23. Be2 {[%emt 0:00:49] Hoping for h6.} (23. Bc2 $5 fxg6 24. hxg6 $11) 23... c4 (23... hxg6 $2 24. f4 Bd5 25. fxe5 $18) (23... h6 $11) 24. b4 (24. gxh7+ Kh8 $18) (24. h6 $1 $14 fxg6 (24... Nxg6 $2 25. hxg7 cxb3 26. gxf8=Q+ $18) 25. hxg7 Bxe4 26. gxf8=Q+ (26. gxf8=R+ Qxf8 27. Ra1 Bxh1 $14) 26... Qxf8 27. Ra1 (27. Qxe4 $2 Qa3+ 28. Kc2 cxb3+ 29. Kb1 Qa1#) 27... Bxh1 28. Rxa8 Qxa8 29. Qxe5 cxb3 30. Qxe6+ Kg7 31. Qe5+ (31. Kxb3 Qg8 $11) (31. Qxb3 Qf8 $15) 31... Kh6 32. Kxb3 (32. Qh2+ Kg7 $11)) 24... Nd3+ (24... hxg6 25. hxg6 fxg6 26. Nc5) ({Better is} 24... fxg6 $17 {And now ...Nd3+ would win.} 25. hxg6 hxg6) 25. Bxd3 cxd3 (25... Qxd3 $11 26. gxh7+ Kxh7 27. Qxd3 cxd3) 26. Ra1 Qd5 {[%emt 0:02:13] [#]} 27. Nf6+ $2 gxf6 $19 28. Qh6 hxg6 ({Inferior is} 28... Qxh1 29. Qxh7#) (28... fxg6 $19 {Threatens to win with ...Ba4.} 29. hxg6 Ra2+ 30. Rxa2 Qxh1 31. gxh7+ Kf7) 29. Rhg1 $1 $11 {[%emt 0:03:07] Dancing on a razor blade.} (29. hxg6 $2 {is the wrong capture.} Ra2+ 30. Rxa2 Qxh1 $19) 29... Rxa1 {[%emt 0:01:51] Weighted Error Value: White=0.45/Black=0.43.  Loses game:     	White=1     	---        Missed win:     	---       	Black=1      Mistake:       	White=3     	Black=4      Inaccurate:     	White=2     	Black=4      OK:         	White=4     	Black=7      Best:        	White=1     	Black=3      Strong:       	White=1     	---} 1/2-1/2

[Event "3rd Perez Open 2024"]
[Site "Santa Fe"]
[Date "2024.02.25"]
[Round "7.6"]
[White "Alvarez, Leandro"]
[Black "Sanhueza, Cristian"]
[Result "1/2-1/2"]
[ECO "D00"]
[WhiteElo "2103"]
[BlackElo "2222"]
[Annotator "RC"]
[PlyCount "58"]
[EventDate "2024.02.18"]
[EventType "swiss"]
[EventCountry "ARG"]
[SourceTitle "playchess.com"]
[Source "ChessBase"]
[SourceQuality "1"]
[TimeControl "5400+30"]

1. Nf3 Nf6 2. Nc3 d5 3. d4 c5 4. dxc5 e6 5. e4 Bxc5 6. exd5 exd5 7. Bb5+ Nc6 8. Qe2+ Be6 9. Bg5 O-O 10. O-O-O Be7 11. Rhe1 Qa5 12. Bxc6 bxc6 13. Nd4 Ba3 14. Nb1 Ne4 15. Nxa3 Nxg5 16. f3 Bd7 17. Nb3 Qc7 18. Nc5 Ne6 19. Nxd7 Qxd7 20. Nc4 Rab8 21. Ne5 Qb7 22. b3 Rfe8 23. Qd2 Rbd8 24. Qa5 c5 25. c4 d4 26. Nd3 Qb6 27. Qxb6 axb6 28. Re2 f6 29. Rde1 Kf7 1/2-1/2